Map: Cerulean Fall LE

Players

Beez

  • Race: Zerg Zerg
  • Spawn Location: 1:00

Bly - Winner!

  • Race: Zerg Zerg
  • Spawn Location: 7:00

Event: WCS Montreal 2018

VOD

Have the link to the VOD?

Description

Time

  • Played on: Sept. 7, 2018, 1:01 p.m.
  • Length: 7:23

All games in this series

Show
View Real Time Build Order
Export as new Build Order

Beez Zerg 

Build Orders: Hatch First 

Get SALT Encoding   

  12  0:00  Drone  
  13  0:13  Overlord  
  13  0:17  Drone  
  14  0:31  Drone x2  
  16  0:35  Drone  
  17  0:53  Hatchery  
  17  0:56  Drone  
  17  0:58  Drone  
  18  1:10  Extractor  
  17  1:14  Spawning Pool  
  17  1:16  Drone  
  17  1:19  Drone  
  18  1:28  Drone  
  19  1:42  Overlord  
  19  1:51  Drone  
  20  2:02  Zergling x2  
  20  2:03  Queen  
  20  2:04  Spine Crawler  
  20  2:06  Zergling x2  
  23  2:10  Metabolic Boost  
  23  2:12  Zergling x2  
  24  2:17  Zergling x2  
  25  2:29  Queen  
  26  2:30  Zergling x4  
  25  2:48  Drone x3  
  25  2:49  Drone  
  29  2:57  Baneling Nest  
  28  3:08  Drone  
  28  3:09  Drone x2  
  31  3:15  Drone  
  31  3:17  Drone x3  
  35  3:29  Overlord  
  35  3:33  Evolution Chamber, Queen  
  36  3:39  Overlord  
  36  3:53  Overlord  
  36  3:55  Drone x2  
  38  3:58  Hatchery  
  37  4:03  Zerg Ground Armor Level 1  
  37  4:12  Drone x2  
  37  4:13  Drone, Roach Warren  
  39  4:21  Zergling x8  
  43  4:42  Zergling x12  
  48  4:52  Queen  
  47  4:58  Overlord  
  49  5:00  Roach  
  49  5:01  Roach x3  
  49  5:04  Baneling  
  57  5:08  Overlord x2  
  48  5:29  Roach x2  
  51  5:37  Drone x3  
  51  5:38  Drone x2, Queen  
  57  5:44  Queen  
  57  5:48  Zergling x4  
  50  6:14  Zergling x16  
  58  6:19  Queen  
  60  6:29  Zergling x4  
  62  6:33  Baneling x2  
  62  6:40  Roach x2  
  62  6:44  Zergling x2, Roach  
  62  6:45  Zergling x10  
  74  6:54  Baneling  
Show
View Real Time Build Order
Export as new Build Order

Bly Zerg - Winner!

Build Orders: Pool First 

Get SALT Encoding   

  12  0:01  Drone  
  13  0:15  Overlord  
  13  0:18  Drone  
  14  0:34  Drone x2  
  16  0:42  Spawning Pool  
  15  0:44  Drone  
  17  0:50  Drone  
  17  1:10  Hatchery  
  16  1:15  Drone  
  17  1:28  Extractor  
  17  1:29  Zergling x4  
  17  1:30  Zergling x2  
  19  1:33  Queen  
  21  1:43  Overlord  
  21  2:00  Drone  
  22  2:09  Queen  
  22  2:14  Drone x2  
  26  2:27  Drone x2, Queen  
  26  2:29  Metabolic Boost  
  30  2:43  Drone x4  
  32  2:50  Drone x3  
  35  2:58  Overlord  
  34  3:17  Drone x3, Baneling Nest  
  36  3:21  Drone x4  
  36  3:22  Drone  
  41  3:27  Overlord  
  41  3:35  Roach Warren  
  41  3:37  Evolution Chamber  
  39  3:42  Drone x3  
  39  3:43  Extractor  
  39  3:46  Overlord  
  41  3:54  Zergling x2  
  41  3:55  Zergling x8  
  46  3:57  Zergling x2  
  46  3:59  Evolution Chamber, Zergling x2  
  46  4:01  Zergling x2  
  49  4:03  Zergling x2  
  50  4:11  Zergling x4  
  50  4:15  Baneling x2  
  53  4:25  Drone x3  
  53  4:29  Hatchery  
  54  4:39  Zergling x10  
  54  4:40  Zergling x2  
  59  4:48  Overlord  
  55  4:54  Zergling x8  
  59  5:03  Baneling x6  
  59  5:06  Overlord, Lair  
  59  5:07  Overlord x2  
  59  5:17  Overlord  
  59  5:19  Extractor  
  59  5:21  Evolution Chamber  
  53  5:36  Drone  
  53  5:37  Drone x2  
  53  5:40  Roach x3  
  60  5:47  Overlord  
  58  5:55  Roach  
  58  5:56  Roach x8  
  73  6:09  Roach x3  
  77  6:14  Queen  
  79  6:19  Roach x2  
  79  6:20  Roach  
  79  6:25  Baneling x2  
  85  6:32  Zergling x12  
  91  6:46  Zergling x12  
  97  6:52  Extractor, Spire  
Tags
 
Add a new tag
Caveats
  • Supply blocks, unpowered buildings, or Contaminate may cause inaccurate times.
  • Supply counts are checked every 10 seconds.